 Dungeon Crawl Stone Soup version 0.21.1-1-g345015f (webtiles) character file.

15 Amnesiac the Grave Robber (level 2, 0/19 HPs)
             Began as a Mummy Necromancer on Mar 13, 2018.
             Slain by a bat (1 damage)
             ... on level 1 of the Dungeon.
             The game lasted 00:00:38 (245 turns).

Amnesiac the Grave Robber (Mummy Necromancer)        Turns: 245, Time: 00:00:39

Health: 0/19       AC:  2    Str: 11    XL:     2   Next: 34%
Magic:  3/6        EV: 12    Int: 14    God:
Gold:   29         SH:  0    Dex:  7    Spells: 6/7 levels left

rFire    x . .     SeeInvis .   (no weapon)
rCold    + . .     Gourm    .   (no shield)
rNeg     + + +     Faith    .   a - +0 robe
rPois    ∞         Spirit   .   (no helmet)
rElec    .         Reflect  .   (no cloak)
rCorr    .         Harm     .   (no gloves)
MR       .....                  (no boots)
Stlth    +.........             (no amulet)
HPRegen  0.06/turn              c - -5 ring of dexterity (curse)
MPRegen  0.10/turn              (no ring)

@: no status effects
A: no food or potions, fire vulnerability, cold resistance 1, negative energy
resistance 3, torment resistance, unbreathing
a: no special abilities


You were on level 1 of the Dungeon.
You were not hungry.

You visited 1 branch of the dungeon, and saw 1 of its levels.

You collected 29 gold pieces.

Inventory:

Armour
 a - a +0 robe (worn)
Jewellery
 c - a cursed -5 ring of dexterity (left hand)
Scrolls
 d - a scroll of noise {!r, unknown}
Books
 b - a book of Necromancy

   Spells                             Type                      Level
   a - Pain                           Necromancy                   1
   b - Animate Skeleton               Necromancy                   1
   c - Vampiric Draining              Necromancy                   3
   d - Regeneration                   Charms/Necromancy            3
   e - Animate Dead                   Necromancy                   4
   f - Borgnjor's Vile Clutch         Necromancy/Earth             5


   Skills:
 - Level 1.5 Dodging
 - Level 1.5 Stealth
 + Level 3.1 Spellcasting
 * Level 4.4 Necromancy


You had 6 spell levels left.
You knew the following spells:

 Your Spells              Type           Power        Failure   Level  Hunger
a - Pain                  Necr           ##..         3%          1    N/A

Dungeon Overview and Level Annotations

Branches:
Dungeon (1/15)

Altars:


Innate Abilities, Weirdness & Mutations

You do not eat or drink.
Your flesh is vulnerable to fire.
You are immune to poison.
Your flesh is cold resistant. (rC+)
You are immune to negative energy. (rN+++)
You are immune to unholy pain and torment.
You can survive without breathing.


Message History

You see here a scroll labeled DOANGEITIZ {!r}.
d - a scroll labeled DOANGEITIZ {!r} The hobgoblin hits you with a club.
* * * LOW HITPOINT WARNING * * *
A rat comes into view.
Found 4 gold pieces.
Casting: Pain
Confirm with . or Enter, or press ? or * to list all spells.
Aiming: Pain
Press: ? - help, Shift-Dir - straight line, f - hobgoblin
Aim: a hobgoblin, wielding a club (chance to defeat MR: 85%)
The hobgoblin writhes in agony!
You kill the hobgoblin!
Casting: Pain
Confirm with . or Enter, or press ? or * to list all spells.
You don't have enough magic to cast that spell.
Casting: Pain
Confirm with . or Enter, or press ? or * to list all spells.
You don't have enough magic to cast that spell.
A dart slug comes into view.
Found a ration.
Casting: Pain
Confirm with . or Enter, or press ? or * to list all spells.
You don't have enough magic to cast that spell.
Casting: Pain
Confirm with . or Enter, or press ? or * to list all spells.
You don't have enough magic to cast that spell.
You open the door. The ooze closely misses you.
There is an open door here.
Casting: Pain
Confirm with . or Enter, or press ? or * to list all spells.
Aiming: Pain
Press: ? - help, Shift-Dir - straight line, f - ooze
Aim: an ooze (chance to defeat MR: 72%)
The ooze writhes in agony!
The ooze hits you.
* * * LOW HITPOINT WARNING * * *
The ooze hits you.
* * * LOW HITPOINT WARNING * * *
The ooze jiggles.
Found a ration.
A kobold comes into view.
A goblin comes into view.
The kobold shouts!
A gnoll comes into view. It is wielding a whip.
The gnoll shouts!
The kobold throws a stone.
The stone closely misses you.
Found a stone staircase leading down.
You see here a stone.
The kobold throws a stone.
The stone hits you but does no damage.
Found a sedimented purple potion.
You see here a stone.
The kobold throws a stone.
The stone barely misses you. The ooze hits you.
* * * LOW HITPOINT WARNING * * *
A bat comes into view.
The bat barely misses you. The bat barely misses you.
The kobold throws a stone.
The stone hits you but does no damage.
You see here a stone.
The bat hits you but does no damage. The bat barely misses you.
The bat barely misses you. The bat closely misses you. The bat hits you.
You die...

#..##..##..##..##.†##....
#..##..##..##..##..##....
#..##..##..##..##..##....
#......##......##........
##....####....####.......
###### ###### ####(..#
########...#
########!.g..(.....
#.@...#............
#.#b###..#####(#..#
#.#...r.K......(...
..#####.#g.%....### ...
..........# ..##
#..##......# #..
...........# ...
##..........#
#......###.# #


You could see a bat.

Vanquished Creatures
  A dart slug (D:1)
  3 hobgoblins (D:1)
  3 jackals (D:1)
  A kobold (D:1)
  2 goblins (D:1)
  A rat (D:1)
11 creatures vanquished.

Notes
Turn   | Place    | Note
-------+----------+-------------------------------------------
     0 | D:1      | Amnesiac the Mummy Necromancer began the quest for the Orb.
     0 | D:1      | Reached XP level 1. HP: 13/13 MP: 4/4
   110 | D:1      | Reached XP level 2. HP: 19/19 MP: 0/6
   245 | D:1      | Slain by a bat

Skill      XL: |  1 |
---------------+----+-----
Spellcasting   | 3 |  3.1
Dodging        | |  1.5
Stealth        | |  1.5
Necromancy     | |  4.4

Action                   || total
-------------------------++-------
 Cast: Pain              ||    20
Armor: Robe              ||     3
Dodge: Dodged            ||    16
